 Dungeon Crawl Stone Soup version 0.21.1-1-g345015f (webtiles) character file.

1914 Kurtz the Martial Artist (level 8, -6/58 HPs)
             Began as a Mummy Monk on Mar 28, 2018.
             Mangled by a troll (17 damage)
             ... on level 9 of the Dungeon on Mar 29, 2018.
             The game lasted 00:20:26 (17153 turns).

Kurtz the Martial Artist (Mummy Monk)              Turns: 17153, Time: 00:20:26

Health: -6/58      AC:  2    Str: 17      XL:     8   Next: 95%
Magic:  8/8        EV: 17    Int:  9      God:
Gold:   310        SH: 10    Dex: 13 (16) Spells: 7/7 levels left

rFire    . . .     SeeInvis .     - Unarmed
rCold    + . .     Gourm    .   b - +0 shield
rNeg     + + +     Faith    .   (no armour)
rPois    ∞         Spirit   .   (no helmet)
rElec    .         Reflect  .   (no cloak)
rCorr    .         Harm     .   d - +1 pair of gloves
MR       +....                  (no boots)
Stlth    ++........             (no amulet)
HPRegen  0.19/turn              j - +6 ring of evasion
MPRegen  0.11/turn              o - ring of Tistazad {+Inv rPois rF+ Str+2}

@: no status effects
A: no food or potions, fire vulnerability, cold resistance 1, negative energy
resistance 3, torment resistance, unbreathing
a: Evoke Invisibility


You were on level 9 of the Dungeon.
You were not hungry.

You visited 1 branch of the dungeon, and saw 9 of its levels.
You also visited: Ossuary.

You collected 310 gold pieces.

Inventory:

Armour
 b - a +0 shield (worn)
 d - a +1 pair of gloves (worn)
Jewellery
 j - a +6 ring of evasion (left hand)
 o - the ring of Tistazad (right hand) {+Inv rPois rF+ Str+2}
   (You found it on level 4 of the Dungeon)

   [ring of strength]

   It affects your strength (+2).
   It protects you from fire.
   It protects you from poison.
   It lets you turn invisible.
Scrolls
 a - a scroll of fear
 c - a scroll of magic mapping
 e - 4 scrolls of teleportation
 f - 2 scrolls of random uselessness
 h - a scroll of remove curse
 i - a scroll of amnesia {unknown}
 k - a scroll of holy word {unknown}
 m - a scroll of blinking {unknown}
 n - a scroll of noise {unknown}
 p - a scroll of summoning {unknown}
 q - a scroll of identify
Books
 l - a book of Conjurations

   Spells                             Type                      Level
   a - Magic Dart                     Conjuration                  1
   b - Searing Ray                    Conjuration                  2
   c - Dazzling Spray                 Conjuration/Hexes            3
   d - Fulminant Prism                Conjuration/Hexes            4
   e - Force Lance                    Conjuration/Translocation    4
   f - Iskenderun's Mystic Blast      Conjuration                  4


   Skills:
 - Level 3.0 Fighting
 - Level 2.4 Dodging
 - Level 1.5 Stealth
 * Level 5.4 Shields
 - Level 8.4 Unarmed Combat


You had 7 spell levels left.
You didn't know any spells.

Dungeon Overview and Level Annotations

Branches:
Dungeon (9/15)             Temple (0/1) D:5
   Lair: D:8-11         Orc: D:9-12

Altars:
Uskayaw

Shops:
D:5 !

Annotations:
D:3 Terence
D:5 exclusion: sky beast
D:7 Hellfire36's ghost, novice VSFi


Innate Abilities, Weirdness & Mutations

You do not eat or drink.
Your flesh is vulnerable to fire.
You are immune to poison.
Your flesh is cold resistant. (rC+)
You are immune to negative energy. (rN+++)
You are immune to unholy pain and torment.
You can survive without breathing.


Message History

Unknown command.
You see here an adder corpse.
The hound completely misses you. The hound bites you but does no damage.
You see here 20 gold pieces.
The hound bites you.
You miss the hound.
The hound is severely wounded.
The hound misses you. The hound bites you.
You hit the hound but do no damage.
The hound is severely wounded.
The hound closely misses you.
You punch the hound!
You kill the hound!
A jelly comes into view.
The troll bites you!
* * * LOW HITPOINT WARNING * * *
The troll misses you. The troll closely misses you. The troll bites you!
You die...

###...#.### #.
#.J<..T.... #.
#.######### #.
#†# #. #.#
##.## #.#
#.###...####.#
#........$.T.#
####...####@#
##...†.%.#
#########


You could see a troll and a jelly (wandering).

Vanquished Creatures
  An ice beast (D:7)
  A sky beast (D:5)
  A necrophage (D:6)
  An ogre (D:7)
  A phantom (D:4)
  A bullfrog (D:7)
  A water moccasin zombie (D:8)
  5 killer bees
  4 wights
  A howler monkey (D:3)
  A quasit (D:8)
  A crimson imp (D:5)
  2 bullfrog zombies
  3 jellies
  A gnoll shaman (D:5)
  An orc wizard (D:7)
  An orc priest (D:6)
  A bullfrog skeleton (D:5)
  A centaur skeleton (D:6)
  3 hounds
  An iguana (D:6)
  3 worker ants
  3 big kobold zombies (Ossuary)
  3 hound skeletons
  2 mummies (Ossuary)
  A howler monkey skeleton (D:6)
  7 adders
  4 gnolls
  A shadow imp (D:6)
  2 oozes
  2 adder zombies (Ossuary)
  An adder skeleton (D:5)
  4 worms
  2 dart slugs
  8 leopard geckos
  4 orcs
  3 giant cockroaches
  2 gnoll zombies (Ossuary)
  14 goblins
  5 hobgoblins
  5 jackals (D:5)
  3 kobolds
  A quokka (D:2)
  2 ball pythons
  10 bats
  4 frilled lizards
  4 hobgoblin zombies (Ossuary)
  A jackal zombie (D:7)
  2 kobold zombies (Ossuary)
  A leopard gecko skeleton (D:4)
  4 orc zombies (Ossuary)
  4 rats
145 creatures vanquished.

Vanquished Creatures (others)
  A water moccasin zombie (Ossuary)
  An adder zombie (Ossuary)
  A gnoll zombie (Ossuary)
  2 hobgoblin zombies (Ossuary)
  2 kobold zombies (Ossuary)
  2 orc zombies (Ossuary)
9 creatures vanquished.

Grand Total: 154 creatures vanquished

Notes
Turn   | Place    | Note
-------+----------+-------------------------------------------
     0 | D:1      | Kurtz the Mummy Monk began the quest for the Orb.
     0 | D:1      | Reached XP level 1. HP: 18/18 MP: 1/1
   447 | D:1      | Reached XP level 2. HP: 18/24 MP: 2/2
   459 | D:1      | Reached skill level 3 in Unarmed Combat
  1392 | D:1      | Reached XP level 3. HP: 29/29 MP: 3/3
  3097 | D:2      | Reached skill level 4 in Unarmed Combat
  3097 | D:2      | Reached XP level 4. HP: 21/35 MP: 4/4
  3994 | D:3      | Noticed Terence
  4096 | D:3      | Reached skill level 1 in Shields
  4678 | D:3      | Reached XP level 5. HP: 20/41 MP: 5/5
  4849 | D:3      | You fall through a shaft for 2 floors!
  4849 | D:5      | Entered Level 5 of the Dungeon
  4930 | D:5      | Found Jauqei's Distillery.
  5006 | D:5      | Found a sand-covered staircase.
  5012 | Ossuary  | Entered an ossuary
  5130 | Ossuary  | Reached skill level 5 in Unarmed Combat
  6150 | Ossuary  | Reached XP level 6. HP: 47/47 MP: 6/6
  6832 | Ossuary  | Identified a scroll of acquirement
  6876 | D:5      | Found a staircase to the Ecumenical Temple.
  8200 | D:5      | Noticed a sky beast
  8713 | D:6      | Reached skill level 6 in Unarmed Combat
  8747 | D:6      | Reached XP level 7. HP: 46/52 MP: 7/7
 10000 | D:7      | Noticed Hellfire36's ghost (novice VSFi)
 10631 | D:6      | Reached skill level 7 in Unarmed Combat
 11559 | D:4      | Found a hide-covered altar of Uskayaw.
 11696 | D:4      | Reached XP level 8. HP: 24/58 MP: 8/8
 12618 | D:4      | Reached skill level 8 in Unarmed Combat
 12724 | D:4      | Got a pitted bone ring
 12801 | D:4      | Identified the ring of Tistazad {+Inv rPois rF+ Str+2} (You found it on level 4 of the Dungeon)
 13578 | D:7      | HP: 2/58 [killer bee (8)]
 16445 | D:7      | Reached skill level 5 in Shields
 17109 | D:9      | Noticed a troll
 17153 | D:9      | Mangled by a troll

Skill      XL: |  1  2  3  4  5  6  7  8 |
---------------+-------------------------+-----
Unarmed Combat | 3 4 5 6 7 8 |  8.4
Shields        | 1 2 5 |  5.4
Fighting       | |  3.0
Dodging        | |  2.4
Stealth        | |  1.5

Action                   |  1- 3 |  4- 6 |  7- 9 || total
-------------------------+-------+-------+-------++-------
Melee: Unarmed           |   156 |   345 |   340 ||   841
       Punch             |       |     7 |       ||     7
  Use: Scroll            |       |    11 |     1 ||    12
 Stab: Sleeping          |       |     8 |     3 ||    11
       Distracted        |       |     1 |     2 ||     3
Armor: Skin              |       |    26 |    33 ||    59
Dodge: Dodged            |    89 |   134 |   222 ||   445
Block: Shield            |       |    61 |   163 ||   224
